 Dungeon Crawl Stone Soup version 0.29-a0-994-gc5c9f59d18 (webtiles) character file.

Game seed: 1531605942220600526

57 nicolae the Changer (level 4, -1/42 HPs)
             Began as an Octopode Transmuter on Aug 3, 2022.
             Slain by an orc priest
             ... wielding a +0 trident
              (5 damage)
             ... on level 3 of the Dungeon.
             The game lasted 00:02:33 (1989 turns).

nicolae the Changer (Octopode Transmuter)           Turns: 1989, Time: 00:02:34

Health: -1/42      AC: 22    Str:  9    XL:     4   Next: 0%
Magic:  7/7        EV:  2    Int: 17    God:
Gold:   93         SH:  0    Dex: 12    Spells: 1/7 levels left

rFire   . . .      SeeInvis .     - Unarmed
rCold   . . .      Faith    .   (no shield)
rNeg    + . .      Spirit   .   (helmet currently unavailable)
rPois   +          Reflect  .   (no amulet)
rElec   .          Harm     .   g - ring of positive energy
rCorr   .          Rampage  .   (no ring)
Will    .....      NoTele   +   (no ring)
Stlth   +.........              (no ring)
HPRegen 0.14/turn               (no ring)
MPRegen 0.10/turn               (no ring)
                                (no ring)
                                (no ring)

@: brilliant, tree-form
A: stationary, stasis, torment immunity, boosted hp, almost no armour,
(amphibious), 8 rings, (camouflage 1), (gelatinous body 1), (nimble swimmer 1),
(tentacles)
a: no special abilities


You were on level 3 of the Dungeon.
You were a tree.
You visited 1 branch of the dungeon, and saw 3 of its levels.

You collected 93 gold pieces.

Inventory:

Missiles
 c - 5 poisoned darts
Jewellery
 g - a ring of positive energy (left branch)
Scrolls
 b - a scroll of butterflies {unknown}
 f - a scroll of poison {unknown}
Potions
 a - a potion of lignification


   Skills:
 - Level 1.0 Fighting
 - Level 2.0 Dodging
 - Level 3.0 Unarmed Combat
 - Level 2.0 Spellcasting
 + Level 4.1 Transmutations


You had one spell level left.
You knew the following spells:

 Your Spells              Type           Power      Damage    Failure   Level
a - Beastly Appendage     Tmut           46%        N/A       3%          1
b - Wereblood             Tmut           23%        N/A       5%          2
c - Spider Form           Tmut/Pois      13%        N/A       24%         3

Your spell library contained the following spells:

 Spells                   Type           Power      Damage    Failure   Level
 Magic Dart               Conj           8%         1d3       19%         1
 Searing Ray              Conj           4%         2d4       28%         2
 Ice Form                 Ice/Tmut       13%        N/A       63%         4
 Fulminant Prism          Conj/Hex       1%         3d6       88%         4


Dungeon Overview and Level Annotations

Branches:
Dungeon (3/15)

Altars:


Innate Abilities, Weirdness & Mutations

You are a tree.
Your roots penetrate the ground, keeping you stationary.
You cannot be teleported.
You are immune to unholy pain and torment.
Your maximum health is greatly increased.
You cannot wear most types of armour.
((You are amphibious.))
You can wear up to eight rings at the same time.
((Your skin changes colour to match your surroundings (Stealth+).))
((Your rubbery body absorbs attacks. (AC +1, EV +1)))
((You are camouflaged when in or above water. (Stealth+)))
((You have tentacles for arms and can constrict up to eight enemies at once.))


Message History

You see here a +0 cloak.
Done exploring.
Done exploring.
Okay, then.
Okay, then.
You see here a +0 cloak.
There is an escape hatch in the floor here.
There is a stone staircase leading down here.
You climb downwards.
There is a stone staircase leading up here.
Found a ring mail.
You open the door.
An orc priest and 2 orcs come into view.
The orc priest shouts!
The orc shouts! x2
Found 75 gold pieces and a scroll labelled VIDGHO DIMYZXIFES.
Found a roughly hewn altar of Beogh.
The orc hits you with a +0 mace.
The orc priest invokes the aid of Beogh against you.
Beogh smites you!
There is an open door here.
The orc attacks as you move away! The orc closely misses you.
The orc priest begins to cast a cantrip, but forgets the words!
It was a potion of cancellation.
You feel magically purged. The orc hits you with a +0 mace.
It was a potion of brilliance.
You feel clever all of a sudden. The orc hits you with a +0 mace.
* * * LOW HITPOINT WARNING * * *
Really quaff the potion of lignification?
You turn into a tree.
Your roots penetrate the ground.
The orc hits you but does no damage.
You barely miss the orc. The orc hits you with a +0 mace.
* * * LOW HITPOINT WARNING * * *
You smack the orc!
You kill the orc!
You have reached level 4!
The orc priest barely misses you.
The orc priest hits you but does no damage.
The orc priest hits you from afar with a +0 trident.
You die...

#.# ... # #.# #.
#.# ####. #.#
...... #.#
#.....###########<#
#.......o)........#
.....##'##♣..######
... #...###.# .
#$8.8.##.#
#$$$.o##.#
#?8o8$##.#
##._$##... #####
#.# #.# #.#


You could see an orc priest.

Vanquished Creatures
  2 adders (D:2)
  An orc (D:3)
  3 bats (D:1)
  2 endoplasms (D:2)
  3 giant cockroaches (D:1)
  5 goblins (D:1)
  4 hobgoblins
  A kobold (D:1)
  3 quokkas
  2 ball pythons (D:1)
  4 frilled lizards
  4 rats
34 creatures vanquished.

Notes
Turn   | Place    | Note
-------+----------+-------------------------------------------
     0 | D:1      | nicolae the Octopode Transmuter began the quest for the
                  | Orb.
     0 | D:1      | Reached XP level 1. HP: 13/13 MP: 3/3
   273 | D:1      | Reached XP level 2. HP: 16/18 MP: 3/5
   421 | D:1      | Reached skill level 3 in Transmutations
   441 | D:1      | Learned a level 2 spell: Wereblood
   993 | D:1      | Reached XP level 3. HP: 23/23 MP: 4/6
   997 | D:1      | Learned a level 3 spell: Spider Form
  1375 | D:2      | Reached skill level 4 in Transmutations
  1987 | D:3      | Reached XP level 4. HP: 4/28 MP: 7/7
  1989 | D:3      | Slain by an orc priest

Illustrated notes

Levels and vault maps discovered:
D:1:      ncdulo_halloftheorcs, layout_loops_corners, st_stairs_11
D:2:      layout_loops_ring
D:3:      cheibrodos_fertilizer, layout_loops_ring,
          yredelemnul_forgotten_temple_becter, lemuel_coloured_pillars_altar,
          mainiacjoe_overflow_24_doors, basic_ecumenical_altar,
          kennysheep_orc_chapel, uniq_robin

Skill      XL: |  1  2  3 |
---------------+----------+-----
Transmutations | 3 4 |  4.1
Fighting       | |  1.0
Dodging        | |  2.0
Unarmed Combat | |  3.0
Spellcasting   | |  2.0

Action                   |  1- 3 |  4- 6 || total
-------------------------+-------+-------++-------
Melee: Unarmed           |    68 |       ||    68
       Kick              |    20 |       ||    20
       Constrict         |    21 |       ||    21
       Tentacles         |    13 |       ||    13
       Punch             |     2 |       ||     2
 Cast: Beastly Appendage |    21 |       ||    21
  Use: Potion            |     3 |       ||     3
 Stab: Sleeping          |     4 |       ||     4
Armor: Skin              |     8 |     1 ||     9
Dodge: Dodged            |    40 |     1 ||    41

Table legend: (Time is in decaauts)
 A = Elapsed time spent in this place.
 B = Non-inter-level travel time spent in this place.
 C = Inter-level travel time spent in this place.
 D = Time resting spent in this place.
 E = Time spent auto-exploring this place.
 F = Levels seen in this place.
 G = Mean time per level.
                   A        B        C        D        E       F      G
               +--------+--------+--------+--------+--------+-----+--------+
         Total |   1983 |   1888 |     95 |      0 |   1670 |   3 |  661.0 |
       Dungeon |   1983 |   1888 |     95 |      0 |   1670 |   3 |  661.0 |
               +--------+--------+--------+--------+--------+-----+--------+

Top non-repeatable levels by time:
     D:1: 1151 daAuts
     D:2: 805 daAuts
     D:3: 27 daAuts
